 Dungeon Crawl Stone Soup version 0.28-a0-1447-ga5a8893891 (webtiles) character file.

Game seed: 14982768009218885546

16 ytrimaz the Insei (level 2, 0/18 HPs)
             Began as an Octopode Transmuter on Jan 10, 2022.
             Slain by a worm (8 damage)
             ... on level 2 of the Dungeon.
             The game lasted 00:01:40 (1333 turns).

ytrimaz the Insei (Octopode Transmuter)             Turns: 1333, Time: 00:01:41

Health: 0/18       AC:  1    Str:  9    XL:     2   Next: 58%
Magic:  4/5        EV: 13    Int: 15    God:
Gold:   66         SH:  0    Dex: 12    Spells: 2/5 levels left

rFire   . . .      SeeInvis .     - Unarmed
rCold   . . .      Faith    .   (no shield)
rNeg    . . .      Spirit   .   (helmet currently unavailable)
rPois   .          Reflect  .   (no amulet)
rElec   .          Harm     .   (no ring)
rCorr   .          Rampage  .   (no ring)
Will    .....                   (no ring)
Stlth   ++........              (no ring)
HPRegen 0.06/turn               (no ring)
MPRegen 0.09/turn               (no ring)
                                (no ring)
                                (no ring)

@: appendages
A: tentacle spike 3, almost no armour, amphibious, 8 rings, camouflage 1,
gelatinous body 1, (nimble swimmer 1), tentacles
a: End Transformation


You were on level 2 of the Dungeon.
One of your tentacles had grown a beastly spike.
You visited 1 branch of the dungeon, and saw 2 of its levels.

You collected 66 gold pieces.

Inventory:

Potions
 a - a potion of haste {unknown}


   Skills:
 * Level 1.2 Fighting
 - Level 2.0 Dodging
 + Level 3.2 Unarmed Combat
 * Level 2.3 Spellcasting
 * Level 2.3 Transmutations


You had 2 spell levels left.
You knew the following spells:

 Your Spells              Type           Power      Damage    Failure   Level
a - Beastly Appendage     Tmut           16%        N/A       9%          1
b - Wereblood             Tmut           8%         N/A       13%         2

Your spell library contained the following spells:

 Spells                   Type           Power      Damage    Failure   Level
 Spider Form              Tmut/Pois      5%         N/A       38%         3
 Ice Form                 Ice/Tmut       5%         N/A       80%         4
 Yara's Violent Unravell  Hex/Tmut       2%         3d3       98%         5
 Disjunction              Tloc           0%         N/A       100%        8


Dungeon Overview and Level Annotations

Branches:
Dungeon (2/15)

Altars:

Shops:
D:1 =

Annotations:
D:2 Sigmund


Innate Abilities, Weirdness & Mutations

One of your tentacles has grown a beastly spike.
You cannot wear most types of armour.
You are amphibious.
You can wear up to eight rings at the same time.
Your skin changes colour to match your surroundings (Stealth+).
Your rubbery body absorbs attacks. (AC +1, EV +1)
((You are camouflaged when in or above water. (Stealth+)))
You have tentacles for arms and can constrict up to eight enemies at once.


Message History

The ufetubus is moderately wounded.
The ufetubus misses you. The ufetubus closely misses you.
The ufetubus hits you. The ufetubus closely misses you.
You tentacle-slap the ufetubus but do no damage.
Your grab misses the ufetubus.
You tentacle-slap the ufetubus, but do no damage.
Your squeeze misses the ufetubus.
The ufetubus is moderately wounded.
The ufetubus hits you.
* * * LOW HITPOINT WARNING * * *
The ufetubus hits you.
* * * LOW HITPOINT WARNING * * *
You barely miss the ufetubus. Your grab misses the ufetubus.
You squeeze the ufetubus.
You kill the ufetubus!
Unknown command.
Unknown command.
Your magical contamination has completely faded away.
There is a stone staircase leading up here.
You climb upwards.
There is a stone staircase leading down here.
You start resting.
Magic restored.
You start resting.
HP restored.
You climb downwards.
Level annotation: Sigmund
There is a stone staircase leading up here.
Casting: Beastly Appendage (safe; 9% risk of failure)
Confirm with . or Enter, or press ? or * to list all spells.
One of your tentacles grows a vicious spike.
The worm bites you!
Ouch! That really hurt!
You tentacle-slap the worm. You grab the worm.
You pierce the worm, but do no damage.
You squeeze the worm.
The worm is moderately wounded.
You constrict the worm. You tentacle-slap the worm.
The worm is severely wounded.
You constrict the worm. The worm bites you!
You die...

###.#
..#.#
#.#.#
#.#.#
#.#.#
#.#.#
#.#.#
#@..#
##w##
#..#
#..#
#..#
...#
....#
#w#...
#.#####


You could see a worm.

Vanquished Creatures
  An ufetubus (D:2)
  An endoplasm (D:1)
  A goblin (D:1)
  A hobgoblin (D:1)
  3 ball pythons (D:1)
  A bat (D:1)
  4 frilled lizards (D:1)
  2 rats (D:1)
14 creatures vanquished.

Notes
Turn   | Place    | Note
-------+----------+-------------------------------------------
     0 | D:1      | ytrimaz the Octopode Transmuter began the quest for the
                  | Orb.
     0 | D:1      | Reached XP level 1. HP: 13/13 MP: 3/3
    23 | D:1      | Found Ystri's Jewellery Shop.
   116 | D:1      | Found a faded altar of an unknown god.
   436 | D:1      | Reached XP level 2. HP: 14/18 MP: 3/5
   439 | D:1      | Learned a level 2 spell: Wereblood
  1015 | D:2      | Noticed Sigmund
  1070 | D:2      | Got the Tome of the Traveller and Execration
  1333 | D:2      | Slain by a worm

Illustrated notes

Levels and vault maps discovered:
D:1:      sevenhm_arrival_forest_fort_small_6, layout_basic,
          shapermc_ecumenical_altar_starsandcircs, serial_shops, shop_fountains,
          st_stairs_7, minivault_14
D:2:      layout_rooms, uniq_robin, uniq_sigmund, uniq_crazy_yiuf_cottage,
          uniq_jessica

Action                   || total
-------------------------++-------
Melee: Unarmed           ||    24
       Constrict         ||     8
       Kick              ||     7
       Tentacles         ||     7
       Punch             ||     1
 Cast: Beastly Appendage ||    14
  Use: Scroll            ||     3
 Stab: Sleeping          ||     1
Armor: Skin              ||     4
Dodge: Dodged            ||    12

Table legend: (Time is in decaauts)
 A = Elapsed time spent in this place.
 B = Non-inter-level travel time spent in this place.
 C = Inter-level travel time spent in this place.
 D = Time resting spent in this place.
 E = Time spent auto-exploring this place.
 F = Levels seen in this place.
 G = Mean time per level.
                   A        B        C        D        E       F      G
               +--------+--------+--------+--------+--------+-----+--------+
         Total |   1333 |   1246 |     87 |    247 |    861 |   2 |  666.5 |
       Dungeon |   1333 |   1246 |     87 |    247 |    861 |   2 |  666.5 |
               +--------+--------+--------+--------+--------+-----+--------+

Top non-repeatable levels by time:
     D:1: 1313 daAuts
     D:2: 19 daAuts
